 Dungeon Crawl Stone Soup version 0.17.1-3-g152610e (webtiles) character file.

2597 inmateoo the Grappler (level 9, -1/127 HPs)
             Began as a Troll Arcane Marksman on Mar 4, 2016.
             Was a Believer of Cheibriados.
             Hit by a large rock thrown by a cyclops (25 damage)
             ... on level 8 of the Dungeon.
             The game lasted 00:08:19 (5979 turns).

inmateoo the Grappler (Troll Arcane Marksman)       Turns: 5979, Time: 00:08:19

Health: -1/127     AC: 24    Str: 28    XL:     9   Next: 33%
Magic:  9/9        EV:  1    Int: 13    God:    Cheibriados [**....]
Gold:   339        SH:  0    Dex: 13    Spells: 4 memorised, 4 levels left

rFire  . . .     SeeInvis .       - Unarmed
rCold  . . .     Clarity  .     (armour currently unavailable)
rNeg   + + +     SustAt   .     (no shield)
rPois  +         Gourm    +     (helmet currently unavailable)
rElec  .         Spirit   .     (cloak currently unavailable)
rCorr  .         Warding  .     (gloves unavailable)
rMut   .         NoTele   +     (boots unavailable)
MR     .....                    (no amulet)
Stlth  +.........               (no ring)
                                (no ring)

@: lethally poisoned (-1 -> -2), tree-form, very slow, not resistant to hostile
enchantments, very unstealthy
A: unfitting armour, (claws 0), fast metabolism 3, gourmand, regeneration 2,
(shaggy fur 0), (tough skin 0)
a: Bend Time, Renounce Religion


You were on level 8 of the Dungeon.
You worshipped Cheibriados.
Cheibriados was pleased with you.
You were very hungry.
You were a tree.
You visited 2 branches of the dungeon, and saw 9 of its levels.
You also visited: Sewer.

You collected 339 gold pieces.

Inventory:

Missiles
 d - 2 large rocks (quivered)
Armour
 a - a +1 robe (melded)
Wands
 i - a wand of lightning (6)
 t - a wand of lightning (15)
 u - a wand of paralysis (9)
 A - a wand of magic darts (24)
 B - a wand of magic darts (20)
Scrolls
 c - a scroll of fear
 f - a scroll of enchant armour
 h - 4 scrolls of teleportation
 j - a scroll of fog
 m - a scroll of recharging
 x - 4 scrolls of blinking
Potions
 g - a potion of lignification
 p - 5 potions of flight
 q - a potion of might
 v - a potion of magic
 C - a potion of cancellation
 G - 2 potions of curing {unknown}
 I - 3 potions of brilliance {unknown}
Books
 b - a book of Debilitation

   Spells                             Type                      Level
   a - Corona                         Hexes                        1
   b - Slow                           Hexes                        2
   c - Gell's Gravitas                Hexes/Translocation          3
   d - Inner Flame                    Hexes/Fire                   3
   e - Cause Fear                     Hexes                        4
   f - Leda's Liquefaction            Hexes/Earth                  4
 y - a book of Spatial Translocations

   Spells                             Type                      Level
   a - Apportation                    Translocation                1
   b - Blink                          Translocation                2
   c - Shroud of Golubria             Charms/Translocation         2
   d - Portal Projectile              Translocation                3
   e - Teleport Other                 Translocation                3
   f - Passage of Golubria            Translocation                4
 D - a book of Dreams

   Spells                             Type                      Level
   a - Ensorcelled Hibernation        Hexes/Ice                    2
   b - Phase Shift                    Translocation                5
   c - Shadow Creatures               Summoning                    5
   d - Silence                        Hexes/Air                    5
   e - Darkness                       Hexes                        6
   f - Mass Confusion                 Hexes                        6
 F - a book of Flames

   Spells                             Type                      Level
   a - Flame Tongue                   Conjuration/Fire             1
   b - Throw Flame                    Conjuration/Fire             2
   c - Conjure Flame                  Conjuration/Fire             3
   d - Inner Flame                    Hexes/Fire                   3
   e - Sticky Flame                   Conjuration/Fire             4
   f - Fireball                       Conjuration/Fire             5
Comestibles
 e - 5 bread rations
 l - 3 meat rations
 n - 2 slices of pizza
 s - 2 beef jerkies


   Skills:
 + Level 4.5 Fighting
 - Level 1.7 Throwing
 + Level 4.8 Dodging
 * Level 10.0 Unarmed Combat
 - Level 1.0 Spellcasting
 - Level 2.0 Hexes


You had 4 spell levels left.
You knew the following spells:

 Your Spells              Type           Power        Failure   Level  Hunger
a - Corona                Hex            #......      14%         1    ##.....
b - Apportation           Tloc           #.........   30%         1    ##.....
c - Blink                 Tloc           N/A          47%         2    ###....
d - Shroud of Golubria    Chrm/Tloc      #.........   47%         2    ###....


Dungeon Overview and Level Annotations

Branches:
Dungeon (8/15)             Temple (1/1) D:5
   Lair: D:8-11

Altars:
Ashenzari
Cheibriados
Dithmenos
Elyvilon
Fedhas
Gozag
Kikubaaqudgha
Makhleb
Nemelex Xobeh
Okawaru
Qazlal
Ru
Sif Muna
Trog
Vehumet
Xom
Yredelemnul
Zin
The Shining One


Innate Abilities, Weirdness & Mutations

You are too large for most types of armour.
((You have claws for hands.))
Your metabolism is lightning-fast.
You like to eat raw meat.
You heal very quickly.
((You are covered in fur (AC +1).))
((You have very tough skin (AC +2).))


Message History

Throwing (i - inventory. (,) - cycle):
E - a large rock (quivered)
Press: ? - help, Shift-Dir - straight line, f/p - cyclops
Aim: a cyclops (lightly wounded)
You throw a large rock. The large rock hits the cyclops.
The cyclops is lightly wounded.
You feel sick.
Unknown command.
Unknown command.
Throwing (i - inventory):
d - a throwing net (quivered)
Press: ? - help, Shift-Dir - straight line, f/p - cyclops
Aim: a cyclops (lightly wounded)
You throw a throwing net. The throwing net hits the cyclops.
The cyclops is too large for the net to hold!
The cyclops is lightly wounded.
You feel sick.
The cyclops throws a large rock.
The large rock hits you.
* * * LOW HITPOINT WARNING * * *
Unknown command.
d - 2 large rocks You feel sick.
The cyclops throws a large rock.
The large rock hits you!!
You die...

##### #>.<###
#...#.###
#..C#...###
#...#.8...###
#...#♣......###
+.C.(......†.<#
#..(#.......###
#...#.8...###
#...#...###
#...#.###
#>.<### #####


You could see a cyclops.

Vanquished Creatures
  A wolf spider (D:8)
  A hungry ghost (D:7)
  Purgy (Sewer)
  An ice beast (D:6)
  A sky beast (D:8)
  2 ogres
  3 centaurs
  Blork the orc (D:5)
  6 giant frogs
  A killer bee (D:8)
  5 scorpions
  2 crimson imps
  A hound (D:4)
  3 vampire bats (D:5)
  A giant frog skeleton (D:5)
  2 orc wizards (D:6)
  An iguana (D:6)
  2 worker ants
  A killer bee zombie (D:6)
  A hound zombie (D:6)
  A worker ant zombie (D:7)
  3 adders (D:3)
  3 shadow imps
  An ooze (D:4)
  An adder skeleton (D:5)
  An adder zombie (D:7)
  3 worms
  8 giant geckos
  14 orcs
  5 bat skeletons (D:5)
  A bat zombie (D:5)
  6 giant cockroaches
  2 gnoll zombies (D:3)
  8 hobgoblins
  10 jackals
  8 kobolds
  3 ball pythons
  13 bats
  11 giant newts
  7 goblins
  3 quokkas
  A quokka zombie (D:5)
  8 rats
158 creatures vanquished.

Notes
Turn   | Place    | Note
--------------------------------------------------------------
     0 | D:1      | inmateoo the Troll Arcane Marksman began the quest for the Orb.
     0 | D:1      | Reached XP level 1. HP: 18/18 MP: 1/1
     6 | D:1      | Noticed a wyvern
     6 | D:1      | Noticed a wolf
     7 | D:1      | Noticed a komodo dragon
     7 | D:1      | Noticed a black bear
    31 | D:1      | Reached skill level 1 in Unarmed Combat
    59 | D:1      | Reached XP level 2. HP: 21/26 MP: 2/2
   111 | D:1      | Found an iron altar of Okawaru.
   456 | D:2      | Reached XP level 3. HP: 30/32 MP: 3/3
   823 | D:2      | Reached skill level 3 in Unarmed Combat
  1401 | D:3      | Found a stormy altar of Qazlal.
  1419 | D:3      | Reached XP level 4. HP: 40/40 MP: 4/4
  1551 | D:3      | Reached skill level 4 in Unarmed Combat
  1726 | D:3      | Found a basalt altar of Yredelemnul.
  1815 | D:3      | Found a burning altar of Makhleb.
  2284 | D:4      | Reached XP level 5. HP: 31/46 MP: 5/5
  2506 | D:4      | Noticed an ogre
  2509 | D:4      | Killed an ogre
  2509 | D:4      | Reached skill level 5 in Unarmed Combat
  2671 | D:4      | Reached skill level 6 in Unarmed Combat
  2671 | D:4      | Reached XP level 6. HP: 44/54 MP: 6/6
  3016 | D:5      | Entered Level 5 of the Dungeon
  3071 | D:5      | Reached skill level 1 in Fighting
  3160 | D:5      | Found an iron altar of Okawaru.
  3215 | D:5      | Noticed Blork the orc
  3250 | D:5      | Killed Blork the orc
  3396 | D:5      | Found a staircase to the Ecumenical Temple.
  3487 | D:5      | Reached XP level 7. HP: 40/62 MP: 7/7
  3538 | D:5      | Found an ancient bone altar of Kikubaaqudgha.
  3549 | D:5      | Reached skill level 7 in Unarmed Combat
  3662 | D:5      | Found a glowing drain.
  3667 | Sewer    | Entered a sewer
  3752 | Sewer    | Noticed Purgy
  3757 | Sewer    | Killed Purgy
  3978 | Temple   | Entered the Ecumenical Temple
  4004 | Temple   | Became a worshipper of Cheibriados the Contemplative
  4270 | D:6      | Reached XP level 8. HP: 49/74 MP: 8/8
  4449 | D:6      | Reached skill level 8 in Unarmed Combat
  4453 | D:6      | Learned a level 1 spell: Apportation
  4456 | D:6      | Learned a level 2 spell: Blink
  4459 | D:6      | Learned a level 2 spell: Shroud of Golubria
  4511 | D:6      | Reached * piety under Cheibriados
  4547 | D:6      | Found a deep blue altar of Sif Muna.
  4570 | D:6      | Found a shattered altar of Ashenzari.
  5332 | D:7      | Reached skill level 9 in Unarmed Combat
  5360 | D:7      | Found a glowing golden altar of the Shining One.
  5640 | D:7      | Reached ** piety under Cheibriados
  5875 | D:8      | Reached XP level 9. HP: 65/84 MP: 9/9
  5963 | D:8      | Noticed a cyclops
  5963 | D:8      | Noticed a wolf spider
  5973 | D:8      | Killed a wolf spider
  5975 | D:8      | Reached skill level 10 in Unarmed Combat
  5979 | D:8      | Hit by a large rock thrown by a cyclops

Action                   |  1- 3 |  4- 6 |  7- 9 || total
-------------------------+-------+-------+-------++-------
Melee: Unarmed           |   120 |   155 |   208 ||   483
Throw: Large rock        |       |     6 |     4 ||    10
       Throwing net      |       |     1 |     1 ||     2
  Use: Potion            |       |     3 |     3 ||     6
       Scroll            |       |     1 |    14 ||    15
 Stab: Sleeping          |     1 |       |     1 ||     2
  Eat: Chunk             |    16 |    15 |    16 ||    47
       Bread ration      |       |       |     1 ||     1
       Beef jerky        |       |       |     1 ||     1
